 Dungeon Crawl Stone Soup version 0.31.0-11-ge490571c62 (webtiles) character file.

Game seed: 16281335398147798846

4 monsoonserge the Grasshopper (level 1, -2/11 HPs)
             Began as a Spriggan Warper on Feb 4, 2024.
             Killed from afar by a dart slug (5 damage)
             ... with a slug dart
             ... on level 1 of the Dungeon.
             The game lasted 00:01:24 (259 turns).

monsoonserge the Grasshopper (Spriggan Warper)       Turns: 259, Time: 00:01:24

Health: -2/11      AC:  2    Str:  7    XL:     1   Next: 58%
Magic:  5/5        EV: 17    Int: 14    God:
Gold:   30         SH:  0    Dex: 14    Spells: 5/5 levels left

rFire   . . .        a - +0 short sword
rCold   . . .        (no shield)
rNeg    . . .        b - +0 robe
rPois   .            (helmet restricted)
rElec   .            (no cloak)
rCorr   .            (gloves unavailable)
SInv    +            (boots unavailable)
Will    .....        (no amulet)
Stlth   +            (no ring)
HPRegen 0.21/turn    (no ring)
MPRegen 0.09/turn

%: no passive effects
@: very quick
A: very small, no large weapons, unfitting armour, see invisible, speed 3
a: no special abilities


You were on level 1 of the Dungeon.
You visited 1 branch of the dungeon, and saw 2 of its levels.

You collected 30 gold pieces.

Inventory:

Hand Weapons
 a - a +0 short sword (weapon)
Missiles
 d - 7 darts of dispersal (quivered)
Armour
 b - a +0 robe (worn)
Scrolls
 c - a scroll of blinking
 e - a scroll of immolation {unknown}


   Skills:
 + Level 1.7 Fighting
 + Level 2.5 Short Blades
 + Level 1.0 Throwing
 + Level 3.2 Dodging
 + Level 2.6 Spellcasting
 + Level 4.4 Translocations


You had 5 spell levels left.
You didn't know any spells.
Your spell library contained the following spells:

 Spells                   Type           Power      Damage    Failure   Level
 Blink                    Tloc           28%        N/A       5%          2
 Lesser Beckoning         Tloc           28%        N/A       5%          2
 Teleport Other           Tloc           14%        N/A       11%         3
 Momentum Strike          Conj/Tloc      16%        3d8       14%         2
 Manifold Assault         Tloc           14%        N/A       34%         4
 Vhi's Electric Charge    Tloc/Air       16%        N/A       65%         4


Dungeon Overview and Level Annotations

Branches:
Dungeon (2/15)

Altars:


Innate Abilities, Weirdness & Mutations

You are very small and have problems with some larger weapons.
You are too small for most types of armour.
You have supernaturally acute eyesight. (SInv)
You cover ground extremely quickly. (Speed+++)


Message History

The endoplasm barely misses you.
You hit the endoplasm but do no damage.
The endoplasm is heavily wounded.
The endoplasm freezes you.
You are frozen.
* * * LOW HITPOINT WARNING * * *
Found 9 gold pieces.
A bat comes into view.
A goblin comes into view. It is wielding a +0 club.
The goblin shouts!
You hear a shout!
You hear an angry hiss.
The bat attacks as it pursues you! The bat misses you. The bat hits you.
* * * LOW HITPOINT WARNING * * *
You see here 9 gold pieces.
You are too injured to fight recklessly!
You barely miss the bat. The bat closely misses you. The bat misses you.
You closely miss the bat. The bat misses you. The bat completely misses you.
You miss the bat. The bat closely misses you. The bat misses you.
You hit the bat.
The bat is moderately wounded.
The bat misses you. The bat hits you but does no damage.
Found 6 gold pieces.
The bat attacks as it pursues you! The bat barely misses you.
The bat misses you.
A ball python comes into view.
Found an escape hatch in the floor.
The goblin misses you. The bat hits you.
* * * LOW HITPOINT WARNING * * *
A goblin comes into view. It is wielding a +0 dagger.
The bat attacks as it pursues you! The bat misses you.
The ball python hisses angrily.
You completely miss the ball python. The bat hits you.
* * * LOW HITPOINT WARNING * * *
The ball python barely misses you. The ball python misses you.
A dart slug comes into view.
The bat misses you.
Found a runed orb.
The bat hits you but does no damage.
Found 12 gold pieces.
Found a faded altar of an unknown god.
The dart slug launches a dart at you. The slug dart hits you.
You die...

# ## .# ..... ### ...#.#
..∩## #.# ##########._....
#.## .$[.....@....⌠# ###
#..######.w....#######....
#..$...#######..Sb###..#
#..##..##########.g...>###
##..##........$.###...g...#
#...# #...#####.J...####...
≈...###.......$..####
≈...>.......####.....#
§...##.....|..b....#.#


You could see a dart slug.

Vanquished Creatures
  A ball python (D:1)
  A hobgoblin (D:1)
  2 bats (D:1)
4 creatures vanquished.

Notes
Turn   | Place    | Note
-------+----------+-------------------------------------------
     0 | D:1      | monsoonserge the Spriggan Warper began the quest for the
                  | Orb.
     0 | D:1      | Reached XP level 1. HP: 10/10 MP: 5/5
   258 | D:1      | Found a faded altar of an unknown god.
   259 | D:1      | Killed from afar by a dart slug

Illustrated notes

Levels and vault maps discovered:
D:1:      dpeg_arrival_rooms_with_view, layout_rooms,
          ebering_ecumenical_altar_abandoned
D:2:      layout_basic, kennysheep_generic_room_4

Action                     || total
---------------------------++-------
  Melee: Short sword       ||    49
 Armour: Robe              ||    25
  Dodge: Dodged            ||    57
